 Dungeon Crawl Stone Soup version 0.28.0-43-g3370ac3207 (webtiles) character file.

Game seed: 18317728389811823216

8299 funkygono the Arsonist (level 11, -8/72 HPs)
             Began as a Demonspawn Fire Elementalist on Mar 16, 2022.
             Was an Initiate of Yredelemnul.
             Mangled by a manticore (10 damage)
             ... on level 11 of the Dungeon on Mar 17, 2022.
             The game lasted 00:22:59 (13164 turns).

funkygono the Arsonist (DsFE)                      Turns: 13164, Time: 00:23:03

Health: -8/72      AC:  5    Str:  7 (9)  XL:     11   Next: 8%
Magic:  10/24      EV: 13    Int: 21 (24) God:    Yredelemnul [......]
Gold:   673        SH:  0    Dex: 15 (16) Spells: 18/29 levels left

rFire   + . .      SeeInvis +   b - +0 whip
rCold   . . .      Faith    +   (no shield)
rNeg    . . .      Spirit   .   A - +1 robe of the Great Game {Rampage Regen+}
rPois   .          Reflect  .   (helmet unavailable)
rElec   .          Harm     .   d - scarf {repulsion}
rCorr   .          Rampage  +   M - +1 pair of gloves "Hogorad" {rF+ Slay+2}
Will    +....                   (no boots)
Stlth   ++........              h - amulet of faith
HPRegen 1.02/turn               D - ring of willpower
MPRegen 0.19/turn               G - ring of wizardry

@: spiked, repel missiles
A: antennae 3, powered by death 1, big brain 2, agile 1, wild magic 1
a: Renounce Religion, Recall Undead Harvest


You were on level 11 of the Dungeon.
You worshipped Yredelemnul.
Yredelemnul was noncommittal.
You visited 2 branches of the dungeon, and saw 12 of its levels.
You also visited: Sewer.

You collected 673 gold pieces.

Inventory:

Hand Weapons
 b - a +0 whip (weapon)
 f - a +0 short sword
Armour
 a - a +0 robe
 c - a +2 leather armour
 d - a scarf of repulsion (worn)
 A - the +1 robe of the Great Game (worn) {Rampage Regen+}
   (You found it on level 6 of the Dungeon)

   Regen:     It increases your rate of health regeneration.
   Rampage:   It bestows one free step when moving towards enemies.
 I - a +1 cloak of stealth
 M - the +1 pair of gloves "Hogorad" (worn) {rF+ Slay+2}
   (You found it on level 10 of the Dungeon)

   Slay:      It affects your accuracy & damage with ranged weapons and melee
   (+2).
   rF:        It protects you from fire.
Magical Staves
 e - a staff of earth
 w - a staff of cold
Jewellery
 h - an amulet of faith (around neck)
 l - a ring of ice
 v - an amulet of reflection
 B - an amulet of magic regeneration
 D - a ring of willpower (left hand)
 G - a ring of wizardry (right hand)
Wands
 j - a wand of paralysis (8)
 m - a wand of digging (8)
 y - a wand of flame (33)
 z - a wand of iceblast (14)
 N - a wand of polymorph (6)
Scrolls
 i - 2 scrolls of fear
 o - 4 scrolls of teleportation
 E - 4 scrolls of blinking
 F - a scroll of amnesia
 H - 2 scrolls of magic mapping
 J - 2 scrolls of enchant armour
Potions
 g - a potion of berserk rage
 k - 2 potions of haste
 n - 2 potions of resistance
 p - 2 potions of brilliance
 q - 2 potions of cancellation
 r - a potion of lignification
 s - 8 potions of curing
 t - a potion of ambrosia
 u - a potion of might
 x - a potion of attraction
 L - a potion of flight {unknown}


   Skills:
 + Level 1.7 Fighting
 + Level 0.1 Short Blades
 + Level 1.2 Maces & Flails
 + Level 1.6 Armour
 + Level 3.6 Dodging
 - Level 1.7 Stealth
 + Level 9.5 Spellcasting
 + Level 6.0 Conjurations
 * Level 5.5 Necromancy
 + Level 9.9 Fire Magic
 + Level 0.2 Invocations


You had 18 spell levels left.
You knew the following spells:

 Your Spells              Type           Power      Damage    Failure   Level
a - Foxfire               Conj/Fire      100%       2x1d9     1%          1
b - Scorch                Fire           100%       2d10      1%          2
c - Conjure Flame         Conj/Fire      54%        6-21      1%          3
d - Flame Wave            Conj/Fire      54%        2d11      1%          4
e - Animate Skeleton      Necr           86%        N/A       1%          1

Your spell library contained the following spells:

 Spells                   Type           Power      Damage    Failure   Level
 Inner Flame              Hex/Fire       40%        N/A       1%          3
 Apportation              Tloc           26%        N/A       4%          1
 Summon Small Mammal      Summ           52%        N/A       4%          1
 Call Canine Familiar     Summ           13%        N/A       12%         3
 Portal Projectile        Hex/Tloc       26%        N/A       12%         3
 Tukima's Dance           Hex            13%        N/A       12%         3
 Anguish                  Hex/Necr       14%        N/A       12%         4
 Leda's Liquefaction      Hex/Erth       6%         N/A       32%         4
 Summon Lightning Spire   Summ/Air       13%        N/A       32%         4
 Enfeeble                 Hex            6%         N/A       100%        7
 Storm Form               Tmut/Air       6%         N/A       100%        7
 Maxwell's Capacitive Co  Air            6%         ∞         100%        8


Dungeon Overview and Level Annotations

Branches:
Dungeon (11/15)            Temple (1/1) D:5            Lair (0/6) D:10
  Sewer (visited)
    Orc: D:9-12

Altars:
Ashenzari
Cheibriados
Dithmenos
Elyvilon
Fedhas
Gozag
Hepliaklqana
Kikubaaqudgha
Makhleb
Nemelex Xobeh
Okawaru
Qazlal
Ru
Sif Muna
Trog
Uskayaw
Vehumet
Wu Jian
Xom
Yredelemnul
Zin
The Shining One

Shops:
D:7 ?


Innate Abilities, Weirdness & Mutations

You have a pair of large antennae on your head. (SInv)
You regenerate a little health from kills.
You have an extremely huge brain. (Int +4)
You are agile. (Dex +2)
Your spells are a little harder to cast, but a little more powerful.


Message History

The manticore is almost dead.
The foxfire hits the manticore.
The manticore is burned terribly!
The manticore is almost dead.
The manticore bites you! The manticore claws you!
* * * LOW HITPOINT WARNING * * *
The manticore claws you but does no damage.
Nothing appears to have answered your call.
The centaur closely misses you. The centaur kicks you.
* * * LOW HITPOINT WARNING * * *
The centaur hits you.
* * * LOW HITPOINT WARNING * * *
The centaur barely misses you. The manticore closely misses you.
The manticore misses you.
The manticore claws you but does no damage.
The centaur wields a +0 shortbow.
The centaur shoots an arrow.
The arrow hits you!
* * * LOW HITPOINT WARNING * * *
The manticore flicks its tail.
The volley of spikes hits you!
The barbed spikes become lodged in your body.
* * * LOW HITPOINT WARNING * * *
Unknown command.
Okay, then.
Blink to where?
Press: ? - help, Dir - move target, f - you
Okay, then.
Unknown command.
It was a potion of degeneration.
There was something very wrong with that liquid.
You feel weakened.
You feel dopey.
You feel clumsy.
Unknown command.
It was a potion of mutation.
You feel extremely strange.
You feel less in control of your magic.
You feel agile.
The centaur is no longer more vulnerable to fire.
The centaur unwields a +0 shortbow.
The centaur completely misses you. The centaur kicks you.
* * * LOW HITPOINT WARNING * * *
The manticore barely misses you. The manticore claws you!
You die...
Your body rises from the dead as a mindless zombie.

#...#
####.....
#..##
#.....
#..#
#......
#..#
#......
#..#
#......
#..#
#......
#..#
......
#..# #.@#
#Hc# #..#
.....
P.#....#
PP ..(...
P ........
........#
.........#


You could see a manticore (combustible) and a centaur.

Vanquished Creatures
  Maurice (D:8)
  Joseph (D:9)
  A komodo dragon (D:10)
  Prince Ribbit (D:8)
  Sigmund (D:5)
  8 yaks
  A vampire (D:10)
  A wyvern (D:7)
  Grum (D:9)
  2 steam dragons
  3 water moccasins
  2 ice beasts
  A black bear (D:8)
  3 centaurs
  An ogre (D:7)
  2 wolves (D:9)
  4 kobold brigands
  3 bullfrogs
  A scorpion (D:4)
  A gnoll sergeant (D:10)
  3 wyvern zombies
  A water moccasin skeleton (D:5)
  9 killer bees
  A vampire bat (D:3)
  10 wights
  A bullfrog zombie (D:7)
  4 centaur zombies
  3 orc priests (D:8)
  3 hounds
  2 jellies
  3 iguanas
  6 orc wizards
  A killer bee zombie (D:8)
  A hound skeleton (D:5)
  2 gnolls (D:10)
  5 adders
  A river rat (Sewer)
  A shadow imp (D:5)
  An ufetubus (D:5)
  An adder skeleton (D:4)
  A worm (Sewer)
  4 dart slugs
  3 fire bats (D:3)
  16 orcs
  2 spectral bats (D:3)
  11 bats
  3 bat skeletons (D:3)
  A bat zombie (D:3)
  6 endoplasms
  4 giant cockroaches
  8 goblins
  6 hobgoblins
  2 quokkas
  15 ball pythons
  A bat simulacrum (D:3)
  11 frilled lizards
  A jackal skeleton (D:4)
  14 kobolds
  10 rats
217 creatures vanquished.

Vanquished Creatures (collateral kills)
  A wraith (D:10)
  A yak (D:9)
  2 vampire mosquitoes (D:9)
  An ice beast (D:6)
  2 killer bees (D:9)
  A wight (D:7)
  3 howler monkeys (D:9)
  2 orc priests (D:6)
  A centaur skeleton (D:6)
  An orc wizard (D:6)
  2 howler monkey zombies (D:9)
  A howler monkey skeleton (D:7)
  An adder (D:6)
  2 gnolls (D:10)
  A shadow imp (D:6)
  A kobold (D:8)
  2 foxfires (D:10)
25 creatures vanquished.

Vanquished Creatures (others)
  2 water moccasin zombies
  A spectral ice beast (D:7)
  3 yak zombies (D:9)
  2 wolf zombies (D:9)
  A centaur zombie (D:7)
  A bullfrog zombie (D:8)
  A human zombie (D:9)
  A killer bee zombie (D:8)
  A hound zombie (D:7)
  A howler monkey zombie (D:9)
  3 gnoll zombies
  A steam dragon zombie (D:8)
  6 kobold zombies
  3 orc zombies (D:8)
  A spectral ufetubus (D:5)
  704 foxfires
  41 plants
773 creatures vanquished.

Grand Total: 1015 creatures vanquished

Notes
Turn   | Place    | Note
-------+----------+-------------------------------------------
     0 | D:1      | funkygono the Demonspawn Fire Elementalist began the quest
                  | for the Orb.
     0 | D:1      | Reached XP level 1. HP: 13/13 MP: 3/3
   526 | D:1      | Gained mutation: You have a pair of small antennae on your
                  | head. [demonic ancestry]
   526 | D:1      | Reached XP level 2. HP: 19/19 MP: 3/5
   711 | D:1      | Learned a level 2 spell: Scorch
  1052 | D:1      | Gained mutation: You have a pair of antennae on your head.
                  | [demonic ancestry]
  1052 | D:1      | Reached XP level 3. HP: 24/24 MP: 1/6
  1762 | D:2      | Learned a level 3 spell: Conjure Flame
  2331 | D:3      | Reached XP level 4. HP: 30/30 MP: 2/8
  2580 | D:3      | Found a glowing drain.
  2670 | Sewer    | Entered a sewer
  2822 | Sewer    | Noticed a kobold brigand
  2829 | Sewer    | Killed a kobold brigand
  2830 | Sewer    | Gained mutation: You have an unusually large brain. (Int
                  | +2) [demonic ancestry]
  2830 | Sewer    | Reached XP level 5. HP: 35/35 MP: 2/10
  3453 | D:3      | Reached XP level 6. HP: 40/41 MP: 5/11
  3690 | D:3      | Found a sacrificial altar of Ru.
  3700 | D:3      | Found a radiant altar of Vehumet.
  4176 | D:3      | Learned a level 4 spell: Flame Wave
  5306 | D:4      | Reached XP level 7. HP: 31/46 MP: 6/13
  5924 | D:5      | Entered Level 5 of the Dungeon
  5960 | D:5      | Reached skill level 5 in Fire Magic
  6391 | D:5      | Reached skill level 1 in Armour
  6439 | D:5      | Found a staircase to the Ecumenical Temple.
  6448 | Temple   | Entered the Ecumenical Temple
  6564 | Temple   | Became a worshipper of Yredelemnul the Dark
  6821 | D:5      | Noticed Sigmund
  6828 | D:5      | Killed Sigmund
  6829 | D:5      | Reached skill level 5 in Spellcasting
  6951 | D:5      | Reached XP level 8. HP: 53/53 MP: 10/15
  7131 | D:5      | Reached * piety under Yredelemnul
  7432 | D:6      | Identified the +1 robe of the Great Game {Rampage Regen+}
  7691 | D:6      | Reached ** piety under Yredelemnul
  8040 | D:6      | Reached *** piety under Yredelemnul
  8191 | D:6      | Found a snail-covered altar of Cheibriados.
  8302 | D:6      | Learned a level 1 spell: Animate Skeleton
  8756 | D:7      | Reached skill level 5 in Conjurations
  8756 | D:7      | Gained mutation: You have an extremely huge brain. (Int +4)
                  | [demonic ancestry]
  8756 | D:7      | Reached XP level 9. HP: 38/58 MP: 11/18
  8819 | D:7      | Found Dosuhoc's Magic Scroll Shoppe.
  9297 | D:8      | Noticed Maurice
  9597 | D:8      | Reached skill level 1 in Necromancy
  9768 | D:8      | Killed Maurice
  9769 | D:8      | Reached skill level 1 in Fighting
 10247 | D:8      | Noticed Prince Ribbit
 10253 | D:8      | Killed Prince Ribbit
 10678 | D:9      | Gained mutation: You have a pair of large antennae on your
                  | head. (SInv) [demonic ancestry]
 10678 | D:9      | Reached XP level 10. HP: 20/65 MP: 1/22
 10965 | D:9      | Noticed Joseph
 10977 | D:9      | Killed Joseph
 11189 | D:9      | Your ally Joseph died
 11402 | D:9      | Noticed Grum
 11410 | D:9      | Killed Grum
 11435 | D:9      | Your ally Grum died
 11501 | D:9      | Reached skill level 1 in Maces & Flails
 12092 | D:10     | Entered Level 10 of the Dungeon
 12242 | D:10     | Identified the +1 pair of gloves "Hogorad" {rF+ Slay+2}
 12255 | D:10     | Reached skill level 5 in Necromancy
 12704 | D:10     | Found a staircase to the Lair.
 12712 | D:10     | Reached **** piety under Yredelemnul
 12712 | D:10     | Gained mutation: You regenerate a little health from kills.
                  | [demonic ancestry]
 12712 | D:10     | Reached XP level 11. HP: 45/72 MP: 12/24
 13162 | D:11     | HP: 1/72 [manticore/volley of spikes (10)]
 13164 | D:11     | Gained mutation: Your spells are a little harder to cast,
                  | but a little more powerful. [potion of mutation]
 13164 | D:11     | Gained mutation: You are agile. (Dex +2) [potion of
                  | mutation]
 13164 | D:11     | Mangled by a manticore

Illustrated notes

Levels and vault maps discovered:
D:1:      psy_arrival_basics, layout_basic, serial_curves, eino_curves_02,
          eino_curves_02, minmay_lizard_king
D:2:      layout_basic
D:3:      layout_basic, mainiacjoe_overflow_big_doors,
          cheibrodos_sewer_entry_drain, goddamned_bats
D:4:      minmay_door_path, layout_basic, minmay_box_of_dots
D:5:      layout_cave_pods, minmay_temple_entry_sparse_star, uniq_sigmund
D:6:      layout_loops_cross, old_standard_altar
D:7:      layout_basic, mainiacjoe_overflow_chevrons, serial_shops, shop,
          hangedman_decor_lopped
D:8:      layout_basic, uniq_prince_ribbit1, uniq_maurice
D:9:      layout_basic, uniq_grum, uniq_joseph
D:10:     layout_cross, david_lair_shrubbed, eino_small_chamber_without_monster,
          chequers_jeans
D:11:     layout_cave_pods, david_orc_5, gammafunk_ghost_grave,
          fedhas_bush_and_centaur_altar
Temple:   dpeg_five_rooms_temple

Skill      XL: |  1  2  3  4  5  6  7  8  9 10 11 |
---------------+----------------------------------+-----
Fire Magic     | 3 4 5 7 8 9 |  9.9
Dodging        | 2 3 |  3.6
Conjurations   | 2 3 4 5 6 |  6.0
Spellcasting   | 3 4 5 6 8 9 |  9.5
Armour         | 1 |  1.6
Necromancy     | 3 5 |  5.5
Fighting       | 1 |  1.7
Maces & Flails | 1 |  1.2
Short Blades   | |  0.1
Stealth        | |  1.7
Invocations    | |  0.2

Action                   |  1- 3 |  4- 6 |  7- 9 | 10-12 || total
-------------------------+-------+-------+-------+-------++-------
Melee: Dagger            |    10 |       |       |       ||    10
       Whip              |       |    51 |    46 |    11 ||   108
       Punch             |       |       |     2 |       ||     2
 Cast: Foxfire           |    66 |   104 |   142 |   114 ||   426
       Scorch            |     3 |    12 |    66 |    49 ||   130
       Flame Wave        |       |       |     6 |     3 ||     9
Invok: Recall Undead Har |       |       |     2 |     1 ||     3
  Use: Scroll            |       |     8 |     9 |     6 ||    23
       Potion            |       |       |       |     2 ||     2
Armor: Robe              |     5 |    75 |    13 |    15 ||   108
       Leather armour    |       |       |     3 |       ||     3
Dodge: Dodged            |    11 |   162 |    60 |    53 ||   286
       Repelled          |       |       |     2 |       ||     2
